 Dungeon Crawl Stone Soup version 0.18.1-50-g88ac8fd (webtiles) character file.

67426 magog001 the Tortoise (level 14, -31/133 HPs)
             Began as a Minotaur Fighter on Sept 7, 2018.
             Was a High Priest of Nemelex Xobeh.
             Killed from afar by an ice dragon (42 damage)
             ... with a blast of cold
             ... on level 1 of the Depths on Sept 8, 2018.
             The game lasted 02:24:56 (27317 turns).

magog001 the Tortoise (Minotaur Fighter)           Turns: 27317, Time: 02:24:57

Health: -31/133    AC: 28    Str: 26    XL:     14   Next: 82%
Magic:  0/14       EV:  8    Int:  5    God:    Nemelex Xobeh [*****.]
Gold:   974        SH:  8    Dex: 10    Spells: 0 memorised, 13 levels left

rFire  + . .     SeeInvis .     t - +0 war axe (flame)
rCold  . . .     Gourm    .     f - +2 plate armour {rPois}
rNeg   . . .     Faith    .     d - +1 buckler {rF+}
rPois  +         Spirit   +     I - +1 hat
rElec  .         Dismiss  .     A - +0 cloak
rCorr  .         Reflect  .     R - +2 pair of gloves
SustAt .         Harm     .     P - +0 pair of boots
MR     ++...     Clarity  +     p - amulet of guardian spirit
Stlth  ..........               k - ring of protection from magic
                                n - ring of poison resistance

@: drained, very resistant to hostile enchantments, extremely unstealthy
A: retaliatory headbutt, horns 2, slimy green scales 1, clarity, sense
surroundings 1, regeneration 1, screaming 1
a: Triple Draw, Deal Four, Stack Five, Renounce Religion


You were on level 1 of the Depths.
You worshipped Nemelex Xobeh.
Nemelex Xobeh was extremely pleased with you.
You were very hungry.

You visited 5 branches of the dungeon, and saw 20 of its levels.

You collected 2188 gold pieces.
You spent 1214 gold pieces at shops.

Inventory:

Hand Weapons
 t - a +0 war axe of flaming (weapon)
 w - a +0 hunting sling
 B - a +3 hand axe of electrocution
Missiles
 e - 113 sling bullets
 g - 5 exploding tomahawks
 M - 7 javelins of returning (quivered)
Armour
 d - a +1 buckler of fire resistance (worn)
 f - a +2 plate armour of poison resistance (worn)
 A - a +0 cloak (worn)
 I - a +1 hat (worn)
 P - a +0 pair of boots (worn)
 R - a +2 pair of gloves (worn)
Jewellery
 k - a ring of protection from magic (right hand)
 n - a ring of poison resistance (left hand)
 p - an amulet of guardian spirit (around neck)
 Q - an uncursed ring of flight
 X - an uncursed ring of see invisible
Wands
 h - a wand of digging (16/24)
 o - a wand of digging (0/24)
 u - a wand of random effects (37/48)
 v - a wand of paralysis (18/24)
 z - a wand of random effects (26/48)
 H - a wand of digging (7/24)
 J - a wand of slowing (30/48)
 V - a wand of acid (7/15)
Scrolls
 a - a scroll of holy word
 b - 4 scrolls of fog
 i - 7 scrolls of identify
 j - 4 scrolls of remove curse
 m - 4 scrolls of recharging
 s - a scroll of fear
 C - a scroll of teleportation
 W - 2 scrolls of blinking
Potions
 c - a potion of brilliance
 l - 4 potions of haste
 r - 2 potions of ambrosia
 G - a potion of cancellation
 K - 3 potions of invisibility
Miscellaneous
 q - a stone of tremors (inert)
 y - an ornate deck of destruction
 E - a legendary deck of escape
 O - an ornate deck of escape {drawn: 7}
 S - a crystal ball of energy
 T - a plain deck of destruction
 U - an ornate deck of war {drawn: 5}
 Y - an ornate deck of war
 Z - a plain deck of war {the Pentagram}
Comestibles
 D - 8 royal jellies
 F - a bread ration


   Skills:
 * Level 14.4(13.0) Fighting
 * Level 15.8(14.4) Axes
 + Level 2.0(1.0) Throwing
 * Level 16.1(14.7) Armour
 - Level 1.2(0.2) Stealth
 * Level 15.1(13.7) Shields
 + Level 2.0(1.0) Evocations


You had 13 spell levels left.
You didn't know any spells.

Dungeon Overview and Level Annotations

Branches:
Dungeon (15/15)            Temple (1/1) D:5            Lair (0/8) D:10
    Orc (2/2) D:11            Elf (1/3) Orc:2        Vaults (0/5) D:14
 Depths (1/5) D:15

Altars:
Ashenzari
Cheibriados
Dithmenos
Elyvilon
Fedhas
Gozag
Kikubaaqudgha
Makhleb
Nemelex Xobeh
Okawaru
Pakellas
Qazlal
Sif Muna
Xom
Yredelemnul

Shops:
D:6 (   Orc:1 [   Orc:2 (*[


Innate Abilities, Weirdness & Mutations

You reflexively headbutt those who attack you in melee.
You have a pair of horns on your head.
You are partially covered in slimy green scales (AC +2).
You possess an exceptional clarity of mind.
You passively map a small area around you.
Your natural rate of healing is unusually fast.
You occasionally shout uncontrollably at your foes.


Message History

The ice dragon is heavily wounded.
The centaur warrior shoots an arrow.
You block the arrow.
The ice dragon bites you but does no damage.
The ice dragon claws you!
The ice dragon tramples you but does no damage.
You hit the ice dragon. You burn the ice dragon.
The ice dragon is heavily wounded.
The centaur warrior shoots an arrow.
The arrow hits you!
The centaur warrior shoots an arrow.
The arrow hits you!
The centaur warrior shoots an arrow.
The arrow hits you. The ice dragon breathes frost at you.
The blast of cold hits you!
* * * LOW HITPOINT WARNING * * *
Things that are here:
an arrow; a dire flail; a great mace The centaur warrior shoots an arrow.
The arrow closely misses you. The ice dragon breathes frost at you.
The blast of cold hits you!
You die...
Your body glows slightly and disappears.

# ##..)....## #
##### #.......##,
#...######.......#
, *
#...c.##.....#..##
#..##.##....#####
,, ###.#.......#
** ##......⌠## . ,
, * * #........###
.. * *
#..⌠.@.....#... **
#....(.........
##.#.(D.⌠....... ,
#..#............ ,
####..........#.
*,* ###....##### *
##....# , , *
#.....# , , ,
......#


You could see an ice dragon and a centaur warrior.

Vanquished Creatures
  Frances (D:14)
  An orc warlord (Orc:1)
  The ghost of magog001 the Cleaver, a journeyman MiFi of Nemelex Xobeh (D:15)
  A deep elf demonologist (Elf:1)
  Nessos (D:14)
  An ettin (Depths:1)
  Josephine (D:11)
  An ogre mage (Orc:1)
  2 ice dragons (D:15)
  A death knight (D:13)
  7 dancing weapons
  A centaur warrior (D:15)
  A tengu warrior (D:14)
  5 orc high priests
  Sonja (D:13)
  3 deep elf knights (Elf:1)
  2 unseen horrors
  A giant orange brain (Depths:1)
  A wizard (D:15)
  4 hill giants
  3 deep elf archers (Elf:1)
  The ghost of magog001 the Shield-Bearer, a novice HOFi (D:5)
  13 deep elf magi
  10 ugly things
  6 orc sorcerers
  2 griffons
  2 orc knights (Orc:1)
  2 cyclopes
  A manticore (shapeshifter) (D:14)
  9 slime creatures
  A centaur zombie (D:13)
  Joseph (D:9)
  3 gargoyles
  A kobold demonologist (D:12)
  2 centaur skeletons
  A tengu conjurer (D:14)
  A harpy zombie (D:15)
  5 trolls
  Grinder (D:5)
  A wolf spider simulacrum (D:15)
  7 two-headed ogres
  An air elemental (Elf:1)
  4 shadows
  A water elemental (D:15)
  A wyvern (D:9)
  9 yaks (D:10)
  Sigmund (D:2)
  3 wraiths (D:11)
  2 basilisks
  A fire elemental (Elf:1)
  5 hippogriffs
  5 vampire mosquitoes
  A soldier ant (D:8)
  A mottled dragon (D:13)
  4 wargs
  3 ice beasts
  2 black bears (D:8)
  40 orc warriors
  3 wasps
  An eye of draining (D:13)
  3 sky beasts
  An ogre (shapeshifter) (Elf:1)
  6 phantoms
  18 ogres
  9 centaurs
  3 crocodiles
  3 big kobolds
  6 giant frogs
  A wyvern skeleton (D:10)
  2 scorpions
  15 killer bees
  7 howler monkeys
  10 wights
  An electric eel (D:15)
  7 crimson imps
  A giant frog zombie (D:11)
  Crazy Yiuf (D:5)
  7 hounds
  14 orc priests
  3 giant frog skeletons
  2 gnoll shamans
  2 jellies
  2 iguanas
  28 orc wizards
  17 worker ants
  A hound skeleton (D:11)
  A howler monkey skeleton (D:5)
  3 worker ant zombies
  14 gnolls
  10 adders
  2 river rats (D:10)
  2 shadow imps
  An ooze (D:5)
  2 adder skeletons
  6 worms
  3 dart slugs
  2 giant geckos
  119 orcs
  15 bats
  4 giant cockroaches
  13 goblins
  10 hobgoblins
  15 jackals
  4 quokkas
  3 giant gecko skeletons
  A giant gecko zombie (D:3)
  4 giant newts
  13 kobolds
  19 rats
  5 fungi
  2 plants (D:10)
641 creatures vanquished.

Vanquished Creatures (collateral kills)
  An ogre mage (D:15)
  A hydra (D:12)
  A hill giant (D:12)
  2 two-headed ogres (D:15)
  An orc warrior (Orc:1)
  2 ogres (D:15)
  An earth elemental (Elf:1)
9 creatures vanquished.

Grand Total: 650 creatures vanquished

Notes
Turn   | Place    | Note
--------------------------------------------------------------
     0 | D:1      | magog001 the Minotaur Fighter began the quest for the Orb.
     0 | D:1      | Reached XP level 1. HP: 19/19 MP: 0/0
   459 | D:1      | Reached XP level 2. HP: 25/27 MP: 1/1
  1139 | D:2      | Reached skill level 4 in Armour
  1139 | D:2      | Reached XP level 3. HP: 27/34 MP: 2/2
  1355 | D:2      | Noticed Sigmund
  1535 | D:2      | Killed Sigmund
  1535 | D:2      | Reached skill level 5 in Fighting
  1535 | D:2      | Reached XP level 4. HP: 36/42 MP: 3/3
  1535 | D:2      | Reached XP level 5. HP: 41/48 MP: 4/4
  2525 | D:3      | Found a stormy altar of Qazlal.
  2882 | D:3      | Reached skill level 5 in Armour
  2882 | D:3      | Reached XP level 6. HP: 56/56 MP: 5/5
  3486 | D:3      | Found an iron altar of Okawaru.
  3800 | D:4      | Reached skill level 5 in Shields
  4652 | D:4      | Reached XP level 7. HP: 62/62 MP: 6/6
  5078 | D:5      | Entered Level 5 of the Dungeon
  5125 | D:5      | Noticed Grinder
  5133 | D:5      | Reached skill level 6 in Armour
  5137 | D:5      | Paralysed by Grinder for 6 turns
  5147 | D:5      | Killed Grinder
  5147 | D:5      | Reached skill level 5 in Axes
  5147 | D:5      | Reached skill level 1 in Stealth
  5465 | D:5      | Found a staircase to the Ecumenical Temple.
  5473 | Temple   | Entered the Ecumenical Temple
  5586 | Temple   | Became a worshipper of Nemelex Xobeh the Trickster
  5653 | D:5      | Noticed magog001's ghost (novice HOFi)
  5717 | D:5      | Killed magog001's ghost
  5717 | D:5      | Reached skill level 7 in Armour
  5717 | D:5      | Reached XP level 8. HP: 55/71 MP: 3/7
  6041 | D:5      | Received a gift from Nemelex Xobeh
  6361 | D:5      | Noticed Crazy Yiuf
  6367 | D:5      | Killed Crazy Yiuf
  6446 | D:6      | Found Test's Antique Weapon Shoppe.
  6561 | D:6      | Reached skill level 8 in Armour
  6593 | D:6      | Noticed a troll
  6601 | D:6      | Killed a troll
  6601 | D:6      | Reached XP level 9. HP: 69/79 MP: 4/8
  6736 | D:6      | Reached * piety under Nemelex Xobeh
  7036 | D:7      | Found a blossoming altar of Fedhas.
  7497 | D:7      | Received a gift from Nemelex Xobeh
  7517 | D:7      | Found an opulent altar of Gozag.
  7517 | D:7      | Found a basalt altar of Yredelemnul.
  7518 | D:7      | Found a deep blue altar of Sif Muna.
  7540 | D:7      | Found a shimmering altar of Xom.
  7827 | D:7      | Reached skill level 9 in Armour
  8120 | D:8      | Reached ** piety under Nemelex Xobeh
  8221 | D:8      | Found an oddly glowing altar of Pakellas.
  8438 | D:8      | Reached XP level 10. HP: 40/90 MP: 3/9
  9143 | D:9      | Received a gift from Nemelex Xobeh
  9150 | D:9      | Reached skill level 10 in Shields
  9241 | D:9      | Reached skill level 10 in Armour
  9569 | D:9      | Noticed Joseph
  9583 | D:9      | Found a shadowy altar of Dithmenos.
  9589 | D:9      | Killed Joseph
  9836 | D:9      | Reached skill level 10 in Axes
 10402 | D:10     | Entered Level 10 of the Dungeon
 10402 | D:10     | Noticed a hill giant
 10412 | D:10     | Killed a hill giant
 10603 | D:10     | Reached skill level 1 in Throwing
 10715 | D:10     | Found a staircase to the Lair.
 10907 | D:10     | Reached skill level 11 in Armour
 10911 | D:10     | Gained mutation: You are resistant to hostile enchantments. [mutagenic meat]
 10912 | D:10     | Gained mutation: You are dopey. (Int -2) [mutagenic meat]
 10913 | D:10     | Gained mutation: You are very dopey. (Int -4) [mutagenic meat]
 10914 | D:10     | Gained mutation: Your muscles are strong. (Str +2) [mutagenic meat]
 10916 | D:10     | Gained mutation: Your flesh is heat resistant. [mutagenic meat]
 10957 | D:10     | Received a gift from Nemelex Xobeh
 11206 | D:10     | Lost mutation: You are very dopey. (Int -4) [potion of cure mutation]
 11206 | D:10     | Lost mutation: You are dopey. (Int -2) [potion of cure mutation]
 11206 | D:10     | Lost mutation: Your muscles are strong. (Str +2) [potion of cure mutation]
 11206 | D:10     | Lost mutation: You are resistant to hostile enchantments. [potion of cure mutation]
 11206 | D:10     | Lost mutation: Your flesh is heat resistant. [potion of cure mutation]
 11226 | D:10     | Reached *** piety under Nemelex Xobeh
 11295 | D:10     | Received a gift from Nemelex Xobeh
 11307 | D:10     | Reached XP level 11. HP: 97/97 MP: 10/10
 12219 | D:11     | Received a gift from Nemelex Xobeh
 12263 | D:11     | Noticed Josephine
 12272 | D:11     | Killed Josephine
 12740 | D:11     | Received a gift from Nemelex Xobeh
 12790 | D:11     | Reached **** piety under Nemelex Xobeh
 12792 | D:11     | Reached skill level 10 in Fighting
 13085 | D:11     | Noticed a cyan ugly thing
 13098 | D:11     | Killed a cyan ugly thing
 13526 | D:11     | Received a gift from Nemelex Xobeh
 13687 | D:11     | Found a staircase to the Orcish Mines.
 13695 | Orc:1    | Entered Level 1 of the Orcish Mines
 13713 | Orc:1    | Reached skill level 12 in Armour
 13898 | D:11     | Noticed a hill giant
 13910 | D:11     | Killed a hill giant
 13992 | Orc:1    | Noticed an orc sorcerer
 14194 | Orc:1    | Killed an orc sorcerer
 14281 | Orc:1    | Found Daeblih's Antique Armour Shop.
 14287 | Orc:1    | Bought a shiny buckler for 85 gold pieces
 14287 | Orc:1    | Bought a hat for 76 gold pieces
 14515 | Orc:2    | Entered Level 2 of the Orcish Mines
 14515 | Orc:2    | Noticed an orc sorcerer
 14518 | Orc:2    | Noticed an orc knight
 14519 | Orc:2    | Noticed an orc sorcerer
 14520 | Orc:2    | Noticed an orc warlord
 14521 | Orc:2    | Noticed an orc high priest
 14556 | Orc:2    | Noticed an orc high priest
 14561 | Orc:2    | Noticed an orc sorcerer
 14562 | Orc:2    | Noticed an orc high priest
 15234 | Orc:1    | Killed an orc knight
 15305 | Orc:1    | Reached XP level 12. HP: 95/107 MP: 9/11
 15943 | Orc:1    | Killed an orc warlord
 16683 | Orc:2    | Killed an orc high priest
 16683 | Orc:2    | Reached skill level 13 in Armour
 16686 | Orc:2    | Found Oqaupt's Book Shoppe.
 16764 | Orc:2    | Killed an orc high priest
 16885 | Orc:2    | Killed an orc high priest
 17073 | Orc:2    | Found Zewas's Antique Weapon Shop.
 17073 | Orc:2    | Noticed an orc high priest
 17075 | Orc:2    | Noticed an orc high priest
 17100 | Orc:1    | Killed an orc high priest
 17429 | Orc:2    | Found Siahymov's General Store.
 17460 | Orc:2    | Bought a scroll of identify for 30 gold pieces
 17460 | Orc:2    | Bought a potion of curing for 45 gold pieces
 17460 | Orc:2    | Bought a scroll of identify for 30 gold pieces
 17460 | Orc:2    | Bought a potion of curing for 45 gold pieces
 17460 | Orc:2    | Bought a +2 plate armour of poison resistance for 555 gold pieces
 17544 | Orc:2    | Noticed an orc high priest
 17584 | Orc:2    | HP: 1/111 [sixfirhy[an orc high priest] (6)]
 18383 | Orc:1    | Killed an orc high priest
 18383 | Orc:1    | Reached skill level 14 in Armour
 18672 | Orc:2    | Found Foasy's Antique Armour Shoppe.
 18674 | Orc:2    | Found a staircase to the Elven Halls.
 18697 | Orc:2    | Bought an embroidered hat for 164 gold pieces
 18697 | Orc:2    | Bought a pair of runed gloves for 184 gold pieces
 18926 | D:12     | Received a gift from Nemelex Xobeh
 19170 | D:12     | Noticed a seven-headed hydra
 19177 | D:12     | Killed a seven-headed hydra
 19198 | D:12     | Reached XP level 13. HP: 118/118 MP: 12/12
 19483 | D:12     | Received a gift from Nemelex Xobeh
 19825 | D:13     | Reached ***** piety under Nemelex Xobeh
 19866 | D:13     | Received a gift from Nemelex Xobeh
 19898 | D:13     | Noticed Sonja
 19919 | D:13     | Killed Sonja
 19978 | D:13     | Found a shadowy altar of Dithmenos.
 20908 | D:14     | Gained mutation: You possess an exceptional clarity of mind. [mutagenic meat]
 20909 | D:14     | Gained mutation: You are weak. (Str -2) [mutagenic meat]
 20910 | D:14     | Gained mutation: Your natural rate of healing is unusually fast. [mutagenic meat]
 20911 | D:14     | Gained mutation: You occasionally shout uncontrollably at your foes. [mutagenic meat]
 21092 | D:14     | Found a gate to the Vaults.
 21159 | D:14     | Gained mutation: You are partially covered in slimy green scales (AC +2). [mutagenic meat]
 21160 | D:14     | Lost mutation: You are weak. (Str -2) [mutagenic meat]
 21162 | D:14     | Gained mutation: You passively map a small area around you. [mutagenic meat]
 21190 | D:14     | Reached skill level 1 in Evocations
 21805 | D:14     | Noticed Frances
 21832 | D:14     | Killed Frances
 21837 | D:14     | Reached skill level 15 in Armour
 22169 | D:14     | Received a gift from Nemelex Xobeh
 22180 | D:14     | Noticed Nessos
 22200 | D:14     | Killed Nessos
 22473 | D:15     | Entered Level 15 of the Dungeon
 22473 | D:15     | Noticed magog001's ghost (journeyman MiFi)
 22513 | D:15     | Killed magog001's ghost
 22716 | D:15     | Received a gift from Nemelex Xobeh
 22802 | D:15     | Reached XP level 14. HP: 129/129 MP: 14/14
 23169 | D:15     | Found a staircase to the Depths.
 23196 | Depths:1 | Entered Level 1 of the Depths
 23825 | D:15     | Reached skill level 15 in Axes
 24814 | Elf:1    | Entered Level 1 of the Elven Halls
 25200 | Elf:1    | Noticed a balrug
 25561 | Elf:1    | Received a gift from Nemelex Xobeh
 25569 | Elf:1    | Reached skill level 16 in Armour
 25820 | Elf:1    | Reached skill level 15 in Shields
 27317 | Depths:1 | Killed from afar by an ice dragon

Skill      XL: |  1  2  3  4  5  6  7  8  9 10 11 12 13 14 |
---------------+-------------------------------------------+-----
Fighting       | 4 5 6 7 8 9 10 12 13 14 | 14.4
Armour         | 4 5 7 8 9 11 12 14 15 16 | 16.1
Shields        | 4 5 6 7 9 11 12 13 14 15 | 15.1
Axes           | 3 4 6 7 9 10 11 13 14 15 | 15.8
Stealth        | 1 |  1.2
Throwing       | 1 2 |  2.0
Evocations     | 1 2 |  2.0

Action                   |  1- 3 |  4- 6 |  7- 9 | 10-12 | 13-15 || total
-------------------------+-------+-------+-------+-------+-------++-------
Melee: War axe           |    80 |   164 |     8 |       |    87 ||   339
       Headbutt          |    13 |    38 |    69 |   162 |   194 ||   476
       Hand axe          |       |       |   360 |   741 |   748 ||  1849
Throw: Tomahawk          |     2 |       |       |    12 |       ||    14
       Javelin           |       |       |       |       |     7 ||     7
Evoke: Deck              |       |       |       |     6 |    18 ||    24
       Wand              |       |       |       |       |    18 ||    18
       Stone of tremors  |       |       |       |       |     2 ||     2
  Use: Scroll            |       |       |    20 |     5 |    13 ||    38
       Potion            |       |       |     1 |     8 |     8 ||    17
 Stab: Distracted        |       |       |       |       |     2 ||     2
       Paralysed         |       |       |       |       |     1 ||     1
  Eat: Bread ration      |     1 |       |       |     4 |     1 ||     6
       Chunk             |       |     3 |     7 |    12 |    13 ||    35
       Meat ration       |       |     1 |     1 |     1 |       ||     3
       Fruit             |       |       |       |     8 |     4 ||    12
       Beef jerky        |       |       |       |       |     6 ||     6
       Royal jelly       |       |       |       |       |     1 ||     1
Armor: Scale mail        |    42 |    33 |       |       |       ||    75
       Chain mail        |       |    22 |       |       |       ||    22
       Plate armour      |       |    19 |   154 |   304 |   394 ||   871
       Skin              |       |       |       |     5 |     9 ||    14
Dodge: Dodged            |    22 |    53 |    64 |   156 |   168 ||   463
Block: Shield            |    44 |    79 |   176 |   245 |       ||   544
       Buckler           |       |       |       |   105 |   202 ||   307
